 Dungeon Crawl Stone Soup version 0.20-a0-738-gb057e68 (webtiles) character file.

57558 nubinia the Eclecticist (level 14, -12/72 HPs)
             Began as a Deep Elf Fire Elementalist on Feb 23, 2017.
             Was a High Priest of Sif Muna.
             Mangled by George's ghost (23 damage)
             ... on level 6 of the Lair of Beasts.
             The game lasted 02:16:23 (26406 turns).

nubinia the Eclecticist (DEFE)                     Turns: 26406, Time: 02:16:23

Health: -12/72     AC:  8    Str:  5    XL:     14   Next: 46%
Magic:  41/45      EV: 15    Int: 24    God:    Sif Muna [*****.]
Gold:   1190       SH:  4    Dex: 21    Spells: 8/46 levels left

rFire    + + .     SeeInvis .   N - +1 rapier (speed)
rCold    . . .     Gourm    +   b - +2 robe {MR+}
rNeg     . . .     Faith    .   K - +0 buckler
rPois    .         Spirit   .   k - +0 hat {MR+}
rElec    +         Reflect  .   u - +2 cloak of Snakes and Ladders {Dex+4 Slay+3}
rCorr    .         Harm     .   F - +0 pair of gloves
MR       +++..                  (no boots)
Stlth    +++++.....             D - amulet of the gourmand
Regen    0.3/turn               z - ring of magical power
MPRegen  0.3/turn               s - ring "Bipoigu" {+Inv rElec rF++ Stlth+}

@: divine energy
A: no striking features
a: Stop Divine Energy, Channel Magic, Forget Spell, Renounce Religion, Evoke
Invisibility


You were on level 6 of the Lair of Beasts.
You worshipped Sif Muna.
Sif Muna was extremely pleased with you.
You were very full.

You visited 2 branches of the dungeon, and saw 17 of its levels.
You also visited: Volcano.

You collected 1190 gold pieces.

Inventory:

Hand Weapons
 r - a +2 demon blade of flaming
 H - the cursed +0 mace of Change {elec, *Noise rElec Dex+7}
   (You found it on level 5 of the Dungeon)

   Occasionally, upon striking a foe, it will discharge some electrical energy
   and cause terrible harm.
   It affects your dexterity (+7).
   It insulates you from electricity.
   It may make noises in combat.
   It has a curse placed upon it.
 I - a +3 dagger
 N - a +1 rapier of speed (weapon)
 Q - a +0 blowgun
 T - the +6 Majin-Bo {vamp, Archmagi MP+6 Int+6}
   (You found it on level 8 of the Dungeon)

   It inflicts no extra harm, but heals its wielder when it wounds a living foe.
   It affects your intelligence (+6).
   It affects your magic capacity (+6).
Missiles
 P - 55 poisoned needles
 Y - 4 curare-tipped needles
Armour
 b - a +2 robe of magic resistance (worn)
 k - a +0 hat of magic resistance (worn)
 n - a +0 troll leather armour
 o - a +3 leather armour of fire resistance
 u - the +2 cloak of Snakes and Ladders (worn) {Dex+4 Slay+3}
   (You found it on level 5 of the Dungeon)

   It affects your dexterity (+4).
   It affects your accuracy and damage with ranged weapons and melee attacks
   (+3).
 F - a +0 pair of gloves (worn)
 K - a +0 buckler (worn)
Jewellery
 p - a +5 ring of protection
 s - the ring "Bipoigu" (left hand) {+Inv rElec rF++ Stlth+}
   (You found it on level 9 of the Dungeon)

   [ring of stealth]

   It greatly protects you from fire.
   It insulates you from electricity.
   It lets you turn invisible.
   It makes you more stealthy.
 z - a ring of magical power (right hand)
 D - an amulet of the gourmand (around neck)
 G - an uncursed ring of magical power
Wands
 a - a wand of iceblast (14/15)
 x - a wand of lightning (3/15)
 C - a wand of iceblast (11/15)
 L - a wand of iceblast (10/15)
 R - a wand of acid (6/15)
 S - a wand of lightning (2/15)
 U - a wand of disintegration (11/24)
 V - a wand of disintegration (13/24)
 Z - a wand of iceblast (10/15)
Scrolls
 t - 2 scrolls of fog
 y - 3 scrolls of teleportation
 B - 5 scrolls of remove curse
 O - a scroll of magic mapping
 X - a scroll of enchant weapon
Potions
 e - 4 potions of might
 i - a potion of agility
 j - 4 potions of resistance
 l - a potion of cancellation {unknown}
 m - a potion of brilliance {unknown}
 q - a potion of magic
 v - 4 potions of heal wounds
 w - 4 potions of curing
 E - a potion of ambrosia {unknown}
 M - 4 potions of haste
Books
 A - a book of Frost

   Spells                             Type                      Level
   a - Freeze                         Ice                          1
   b - Throw Frost                    Conjuration/Ice              2
   c - Ozocubu's Armour               Charms/Ice                   3
   d - Throw Icicle                   Conjuration/Ice              4
   e - Summon Ice Beast               Ice/Summoning                4
Miscellaneous
 h - a lamp of fire (inert)
 J - a sack of spiders
Comestibles
 c - 16 bread rations
 d - 7 royal jellies
 f - 9 fruits
 g - 9 meat rations


   Skills:
 + Level 2.4 Fighting
 + Level 3.0 Short Blades
 + Level 3.6 Staves
 + Level 1.6 Throwing
 + Level 2.5 Armour
 + Level 5.3 Dodging
 + Level 6.5 Stealth
 + Level 0.1 Shields
 * Level 16.9 Spellcasting
 * Level 13.6 Conjurations
 * Level 9.0 Hexes
 + Level 7.8 Translocations
 * Level 12.9 Fire Magic


You had 8 spell levels left.
You knew the following spells:

 Your Spells              Type           Power        Failure   Level  Hunger
a - Flame Tongue          Conj/Fire      #####        1%          1    None
b - Throw Flame           Conj/Fire      ######       1%          2    None
c - Conjure Flame         Conj/Fire      ######..     1%          3    None
d - Sticky Flame          Conj/Fire      ######..     1%          4    None
e - Magic Dart            Conj           ####         0%          1    None
f - Force Lance           Conj/Tloc      ######..     1%          4    None
g - Shroud of Golubria    Chrm/Tloc      #####.....   1%          2    None
h - Iskenderun's Mystic   Conj           ######..     1%          4    None
i - Fulminant Prism       Conj/Hex       ######....   1%          4    None
j - Fireball              Conj/Fire      ######....   1%          5    None
k - Dazzling Spray        Conj/Hex       ######       1%          3    None
l - Apportation           Tloc           ######       1%          1    None
m - Cause Fear            Hex            ######....   1%          4    None


Dungeon Overview and Level Annotations

Branches:
Dungeon (11/15)            Temple (0/1) D:6            Lair (6/6) D:11
  Swamp (0/4) Lair:2       Spider (0/4) Lair:3        Slime (0/5) Lair:5
    Orc (0/2) D:11

Altars:
Ashenzari
Cheibriados
Fedhas
Makhleb
Nemelex Xobeh
Sif Muna
Wu Jian
Xom
Jiyva

Portals:
Trove: D:10 (give 4 potions of resistance)

Annotations:
D:4 graki42's ghost, amateur DEFE
D:8 exclusion: yaktaur captain
D:10 exclusion: door
Lair:6 George's ghost, journeyman HOFi


Message History

Sif Muna whispers: I know many secrets...
Press ? for a list of commands and other information.
You climb downwards.
Level annotation: George's ghost, journeyman HOFi The komodo dragon bites you.
George's ghost hits you! The komodo dragon bites you!!
George's ghost hits you!!
* * * LOW HITPOINT WARNING * * *
x2
There is a stone staircase leading up, spattered with blood here.
Okay, then.
Things that are here:
a spear; a robe George's ghost mumbles, "They all look like pillowcases to me..."
Things that are here:
a robe; a rapier Cast which spell? (? or * to list)
Aiming: Force Lance
Press: ? - help, Shift-Dir - straight line, f - George's ghost
Aim: George's ghost, wielding a vorpal weapon The lance of force hits George's ghost.
George's ghost hits you!!
You die...

.....#.###.# ##...............#..
......#.######..............#...♣
......#######...............##.#♣
.......#.##..#..............###♣
......W.## #...............#.#
.........# #...............#.#
.........####....l..........##.♣♣
.#........###...W.........#.##...
#.##.....###....@..........###...
###.#..P.[.[................. ♣.
###........%..............# ♣♣
###...#.#.#........##... ♣
############..P### #. #####


You could see a komodo dragon and George's ghost.

Vanquished Creatures
  A dire elephant (Lair:2)
  A red draconian (Volcano)
  Snorg (Lair:6)
  The ghost of nono the Slicer, a journeyman VSAM of Uskayaw (Lair:5)
  7 hydras
  3 catoblepae
  A centaur warrior (Volcano)
  3 two-headed ogres (D:9)
  An unseen horror (D:10)
  A lindwurm (Lair:5)
  An oklob plant (Lair:6)
  14 elephants
  4 molten gargoyles
  A black mamba (Lair:4)
  15 spiny frogs
  6 komodo dragons
  6 rime drakes
  A yaktaur (Volcano)
  A troll (D:11)
  2 polar bears
  3 hornets
  24 blink frogs
  2 dream sheep (Lair:6)
  2 hippogriffs
  14 spriggans
  A wraith (D:11)
  A redback (Lair:3)
  Eustachio (D:5)
  34 yaks
  2 fire bats (Volcano)
  4 basilisks
  A steam dragon (Lair:5)
  4 swamp worms (Lair:2)
  4 wargs (D:10)
  A hell hound (D:11)
  18 water moccasins
  10 porcupines
  4 orc warriors
  6 black bears
  3 sky beasts
  An ice beast (D:7)
  7 ogres
  A necrophage (D:10)
  4 boggarts (Lair:6)
  32 wolves
  12 centaurs
  8 crocodiles
  15 bullfrogs
  2 big kobolds
  A gnoll sergeant (D:8)
  5 scorpions
  9 killer bees
  4 wights (D:10)
  4 howler monkeys
  2 electric eels
  5 crimson imps
  11 lava snakes
  3 jellies
  2 orc priests
  5 hounds
  Crazy Yiuf (D:5)
  2 bullfrog skeletons
  9 orc wizards
  A gnoll shaman (D:6)
  2 iguanas
  5 hell rats (Lair:5)
  8 worker ants
  A hound zombie (D:6)
  A hound skeleton (D:7)
  6 gnolls
  11 adders
  A shadow imp (D:9)
  4 oozes
  2 adder skeletons
  4 worms
  A dart slug (D:5)
  13 leopard geckos
  30 orcs
  6 bats
  6 giant cockroaches
  4 goblins
  10 hobgoblins
  16 jackals
  3 quokkas
  5 frilled lizards
  A jackal zombie (D:6)
  15 kobolds
  3 leopard gecko skeletons (D:4)
  A leopard gecko zombie (D:6)
  4 rats
  A butterfly (Lair:6)
  A fungus (Lair:5)
521 creatures vanquished.

Vanquished Creatures (others)
  A bush (Lair:6)
  71 fungi
  23 plants
95 creatures vanquished.

Grand Total: 616 creatures vanquished

Notes
Turn   | Place    | Note
-------+----------+-------------------------------------------
     0 | D:1      | nubinia the Deep Elf Fire Elementalist began the quest for the Orb.
     0 | D:1      | Reached XP level 1. HP: 10/10 MP: 6/6
   205 | D:1      | Reached XP level 2. HP: 15/15 MP: 5/8
   543 | D:1      | Learned a level 2 spell: Throw Flame
  1032 | D:1      | Reached XP level 3. HP: 9/19 MP: 0/9
  1337 | D:1      | Learned a level 3 spell: Conjure Flame
  2037 | D:2      | Reached XP level 4. HP: 24/24 MP: 2/11
  2238 | D:2      | Found a shimmering altar of Xom.
  2238 | D:2      | Found a shattered altar of Ashenzari.
  2706 | D:3      | Found a deep blue altar of Sif Muna.
  2712 | D:3      | Became a worshipper of Sif Muna the Loreminder
  3084 | D:3      | Reached skill level 4 in Spellcasting
  3084 | D:3      | Reached skill level 5 in Fire Magic
  3084 | D:3      | Reached XP level 5. HP: 22/28 MP: 6/13
  3519 | D:4      | Reached skill level 5 in Spellcasting
  3519 | D:4      | Reached XP level 6. HP: 29/32 MP: 14/15
  3525 | D:4      | Learned a level 4 spell: Sticky Flame
  3833 | D:4      | Noticed graki42's ghost (amateur DEFE)
  4058 | D:4      | Learned a level 4 spell: Force Lance
  4404 | D:5      | Entered Level 5 of the Dungeon
  4445 | D:5      | Reached * piety under Sif Muna
  4664 | D:5      | Reached XP level 7. HP: 12/36 MP: 17/17
  4903 | D:5      | Got a warped cloak
  4911 | D:5      | Identified the +2 cloak of Snakes and Ladders {Dex+4 Slay+3} (You found it on level 5 of the Dungeon)
  4934 | D:5      | Found a runed door.
  4938 | D:5      | Noticed Crazy Yiuf
  4946 | D:5      | Killed Crazy Yiuf
  4946 | D:5      | Reached skill level 6 in Spellcasting
  4946 | D:5      | Reached skill level 1 in Translocations
  4998 | D:5      | Got a fine mace
  5807 | D:5      | Noticed Eustachio
  5814 | D:5      | Killed Eustachio
  5814 | D:5      | Reached skill level 7 in Spellcasting
  5960 | D:6      | Reached XP level 8. HP: 34/41 MP: 17/20
  6052 | D:6      | Reached ** piety under Sif Muna
  6057 | D:6      | Reached skill level 5 in Conjurations
  6083 | D:6      | Found a burning altar of Makhleb.
  6406 | D:6      | Reached skill level 8 in Spellcasting
  6692 | D:6      | Found a staircase to the Ecumenical Temple.
  6907 | D:6      | Learned a level 1 spell: Magic Dart
  7198 | D:7      | Noticed a hippogriff
  7207 | D:7      | Killed a hippogriff
  7207 | D:7      | Reached skill level 1 in Short Blades
  7328 | D:7      | Reached XP level 9. HP: 45/45 MP: 21/23
  7385 | D:7      | Reached *** piety under Sif Muna
  7464 | D:7      | Reached skill level 9 in Spellcasting
  7697 | D:7      | Found a snail-covered altar of Cheibriados.
  8314 | D:8      | Found an ornate altar of the Wu Jian Council.
  8418 | D:8      | Noticed a yaktaur captain
  8972 | D:8      | Reached skill level 10 in Spellcasting
  9185 | D:9      | Noticed a manticore
  9215 | D:9      | Reached **** piety under Sif Muna
  9438 | D:9      | Got a sparkling glass ring
  9949 | D:9      | Noticed a two-headed ogre
  9961 | D:9      | Killed a two-headed ogre
  9961 | D:9      | Reached skill level 1 in Staves
  9961 | D:9      | Reached XP level 10. HP: 37/50 MP: 26/26
 10069 | D:9      | Reached skill level 5 in Translocations
 10258 | D:9      | Noticed a two-headed ogre
 10264 | D:9      | Learned a level 3 spell: Dazzling Spray
 10269 | D:9      | Learned a level 4 spell: Iskenderun's Mystic Blast
 10291 | D:9      | Killed a two-headed ogre
 10291 | D:9      | Reached skill level 11 in Spellcasting
 10395 | D:9      | Reached skill level 5 in Stealth
 10441 | D:9      | Found a blossoming altar of Fedhas.
 10490 | D:9      | Noticed a two-headed ogre
 10509 | D:9      | Killed a two-headed ogre
 10509 | D:9      | Reached skill level 1 in Fighting
 10928 | D:9      | Reached ***** piety under Sif Muna
 11133 | D:10     | Entered Level 10 of the Dungeon
 11634 | D:10     | Reached XP level 11. HP: 52/56 MP: 28/28
 11999 | D:10     | Identified Sif Muna's Incunabulum of Supportive Ignition (Sif Muna gifted it to you on level 10 of the Dungeon)
 11999 | D:10     | Received a gift from Sif Muna
 12288 | D:10     | Noticed an unseen horror
 12290 | D:10     | Killed an unseen horror
 12290 | D:10     | Reached skill level 12 in Spellcasting
 12544 | D:10     | Found a portal to a secret trove of treasure.
 12759 | D:11     | Reached skill level 10 in Fire Magic
 12782 | D:11     | Found a staircase to the Orcish Mines.
 12821 | D:11     | Noticed a two-headed ogre
 13140 | D:11     | Found a staircase to the Lair.
 13161 | Lair:1   | Entered Level 1 of the Lair of Beasts
 13284 | Lair:1   | Reached skill level 10 in Conjurations
 13542 | Lair:1   | Identified the ring "Bipoigu" {+Inv rElec rF++ Stlth+} (You found it on level 9 of the Dungeon)
 13828 | Lair:1   | Identified a scroll of acquirement
 14088 | Lair:1   | Reached skill level 1 in Armour
 14723 | Lair:2   | Learned a level 4 spell: Fulminant Prism
 14749 | Lair:2   | Reached skill level 13 in Spellcasting
 14830 | Lair:2   | Identified Sif Muna's Incunabulum of Shifting Poison (Sif Muna gifted it to you on level 2 of the Lair of Beasts)
 14830 | Lair:2   | Received a gift from Sif Muna
 14830 | Lair:2   | Reached skill level 1 in Hexes
 15041 | Lair:2   | Learned a level 5 spell: Fireball
 15062 | Lair:2   | Identified the cursed +0 mace of Change {elec, *Noise rElec Dex+7} (You found it on level 5 of the Dungeon)
 15073 | Lair:2   | Reached XP level 12. HP: 49/62 MP: 27/31
 15099 | Lair:2   | Noticed a dire elephant
 15218 | Lair:2   | Killed a dire elephant
 15387 | Lair:2   | Reached skill level 1 in Throwing
 15540 | Lair:2   | Noticed a seven-headed hydra
 15564 | Lair:2   | Killed a seven-headed hydra
 15969 | Lair:2   | Reached skill level 14 in Spellcasting
 16518 | Lair:2   | Found a staircase to the Swamp.
 16849 | Lair:2   | Reached skill level 5 in Hexes
 17021 | Lair:3   | Found a hole to the Spider Nest.
 17127 | Lair:3   | Identified Sif Muna's Catalogue of the Warped Escort (Sif Muna gifted it to you on level 3 of the Lair of Beasts)
 17127 | Lair:3   | Received a gift from Sif Muna
 17132 | Lair:3   | Learned a level 2 spell: Shroud of Golubria
 17923 | Lair:3   | Noticed a catoblepas
 17932 | Lair:3   | Killed a catoblepas
 18366 | Lair:3   | Reached XP level 13. HP: 60/67 MP: 31/33
 18731 | Lair:4   | Found a dark tunnel.
 18752 | Lair:4   | Learned a level 1 spell: Apportation
 18805 | Volcano  | Entered a volcano
 19071 | Volcano  | Found a radiant altar of Vehumet.
 19092 | Volcano  | Reached skill level 15 in Spellcasting
 19242 | Volcano  | Noticed a red draconian
 19256 | Volcano  | Killed a red draconian
 20317 | Lair:4   | Found a sparkling altar of Nemelex Xobeh.
 20397 | Lair:5   | Identified Sif Muna's Tome of Enthralling Black Rituals (Sif Muna gifted it to you on level 5 of the Lair of Beasts)
 20397 | Lair:5   | Received a gift from Sif Muna
 20465 | Lair:5   | Reached skill level 5 in Dodging
 20619 | Lair:5   | Found a viscous altar of Jiyva.
 20619 | Lair:5   | Found a staircase to the Slime Pits.
 20639 | Lair:5   | Noticed nono's ghost (journeyman VSAM)
 20705 | Lair:5   | Killed nono's ghost
 21234 | Lair:5   | Reached skill level 16 in Spellcasting
 22439 | Lair:6   | Entered Level 6 of the Lair of Beasts
 22439 | Lair:6   | Noticed Snorg
 22501 | Lair:5   | Noticed an acid blob
 22502 | Lair:6   | Noticed George's ghost (journeyman HOFi)
 22580 | Lair:6   | Killed Snorg
 23154 | Lair:6   | Reached XP level 14. HP: 72/72 MP: 36/36
 24349 | Lair:6   | Paralysed by a hornet for 2 turns
 25050 | Lair:6   | Received a gift from Sif Muna
 25058 | Lair:6   | Learned a level 4 spell: Cause Fear
 26406 | Lair:6   | Mangled by George's ghost

Vault maps used:
D:1:      lemuel_arrival_behind_the_door_large
D:2:      gammafunk_temple_overflow_elements, fountainhead
D:3:      led_sif_pool
D:5:      first_bread, uniq_eustachio, uniq_crazy_yiuf_cottage
D:6:      nicolae_overflow_crystal_walls, minmay_temple_entry_grid,
          kennysheep_pointless_box
D:7:      lemuel_coloured_pillars_altar, grunt_ogre_cave
D:8:      basic_altar, kb_lookout_dungeons_type, kennysheep_just_a_vault
D:9:      fedhas_altar_3
D:10:     nicolae_trove_entry_path_of_doom, nooodl_orcs_dogs
D:11:     minmay_lair_entry_lava, orc_0_dummy
Lair:2:   mu_elephants_graveyard, nicolae_swamp_entry_splash_gauntlet
Lair:3:   spider_nest_entry_a, grunt_megastairs_5
Lair:4:   nicolae_volcano_entry_two_sided, lemuel_centaur_altar
Lair:5:   cheibrodos_magma_flow, slime_altar_1, minivault_25, minivault_24,
          guppyfry_lair_drakes
Lair:6:   minmay_lair_end_enchanted_forest, grunt_megastairs_2,
          lemuel_fruit_fields, uniq_snorg
Volcano:  volcano_lake

Skill      XL: |  1  2  3  4  5  6  7  8  9 10 11 12 13 14 |
---------------+-------------------------------------------+-----
Fire Magic     | 4 5 6 7 8 9 10 11 12 | 12.9
Conjurations   | 2 3 4 6 8 9 10 11 12 13 | 13.6
Stealth        | 3 4 5 6 |  6.5
Spellcasting   | 4 5 7 8 10 11 13 14 16 | 16.9
Translocations | 2 3 4 5 7 |  7.8
Dodging        | 3 4 5 |  5.3
Short Blades   | 1 2 3 |  3.0
Staves         | 1 2 3 |  3.6
Fighting       | 1 2 |  2.4
Armour         | 1 2 |  2.5
Hexes          | 2 5 8 9 |  9.0
Throwing       | 1 |  1.6
Shields        | |  0.1

Action                   |  1- 3 |  4- 6 |  7- 9 | 10-12 | 13-15 || total
-------------------------+-------+-------+-------+-------+-------++-------
Melee: Dagger            |    28 |     6 |     6 |       |       ||    40
       Rapier            |       |       |    14 |    56 |   117 ||   187
       Quarterstaff      |       |       |    32 |   102 |       ||   134
 Fire: Blowgun           |       |       |       |    20 |       ||    20
 Cast: Flame Tongue      |    57 |    76 |   152 |   221 |   156 ||   662
       Throw Flame       |    13 |    49 |    91 |   101 |   142 ||   396
       Conjure Flame     |       |     1 |     8 |    15 |    13 ||    37
       Sticky Flame      |       |       |     7 |    72 |    62 ||   141
       Magic Dart        |       |       |    21 |       |    14 ||    35
       Force Lance       |       |       |     1 |    45 |    77 ||   123
       Dazzling Spray    |       |       |       |     8 |    19 ||    27
       Iskenderun's Myst |       |       |       |     1 |    40 ||    41
       Fireball          |       |       |       |    10 |    22 ||    32
       Shroud of Golubri |       |       |       |       |     2 ||     2
Invok: Divine Energy     |       |     1 |       |       |       ||     1
Evoke: Wand              |       |       |       |       |     2 ||     2
       Lamp of fire      |       |       |       |       |     1 ||     1
  Use: Scroll            |     1 |     5 |     3 |    13 |     6 ||    28
       Potion            |     1 |     2 |     3 |     3 |     2 ||    11
 Stab: Sleeping          |     3 |     3 |     9 |    10 |     5 ||    30
       Distracted        |       |       |       |     1 |     1 ||     2
       Petrified         |       |       |       |       |     2 ||     2
  Eat: Chunk             |     4 |    12 |    26 |    26 |    26 ||    94
Armor: Robe              |     9 |     5 |    28 |    30 |    12 ||    84
       Troll leather arm |       |       |       |    35 |    15 ||    50
Dodge: Dodged            |    45 |    16 |    71 |   143 |   133 ||   408
Block: Buckler           |       |       |       |       |     5 ||     5
